 Dungeon Crawl Stone Soup version 0.20.1-1-g8b1a95d (webtiles) character file.

60 Kingsmith the Conjurer (level 3, -10/24 HPs)
             Began as a Mummy Conjurer on Dec 6, 2017.
             Mangled by Sigmund
             ... wielding a +0 scythe of venom
              (13 damage)
             ... on level 2 of the Dungeon.
             The game lasted 00:02:03 (1224 turns).

Kingsmith the Conjurer (Mummy Conjurer)             Turns: 1224, Time: 00:02:04

Health: -10/24     AC:  3    Str: 11    XL:     3   Next: 82%
Magic:  0/7        EV: 12    Int: 15    God:
Gold:   84         SH:  0    Dex: 12    Spells: 4/7 levels left

rFire    x . .     SeeInvis .   f - +0 spear
rCold    + . .     Gourm    .   (no shield)
rNeg     + + +     Faith    .   a - +0 robe
rPois    ∞         Spirit   .   (no helmet)
rElec    .         Reflect  .   (no cloak)
rCorr    .         Harm     .   (no gloves)
MR       .....                  c - +0 pair of boots
Stlth    ++........             (no amulet)
Regen    0.1/turn               (no ring)
MPRegen  0.1/turn               (no ring)

@: no status effects
A: no food or potions, fire vulnerability, cold resistance 1, negative energy
resistance 3, torment resistance, unbreathing
a: no special abilities


You were on level 2 of the Dungeon.
You were not hungry.

You visited 1 branch of the dungeon, and saw 2 of its levels.

You collected 84 gold pieces.

Inventory:

Hand Weapons
 f - a +0 spear (weapon)
Armour
 a - a +0 robe (worn)
 c - a +0 pair of boots (worn)
Scrolls
 d - 2 scrolls of remove curse {unknown}
Books
 b - a book of Conjurations

   Spells                             Type                      Level
   a - Magic Dart                     Conjuration                  1
   b - Searing Ray                    Conjuration                  2
   c - Dazzling Spray                 Conjuration/Hexes            3
   d - Fulminant Prism                Conjuration/Hexes            4
   e - Force Lance                    Conjuration/Translocation    4
   f - Iskenderun's Mystic Blast      Conjuration                  4


   Skills:
 - Level 1.5 Dodging
 - Level 1.5 Stealth
 - Level 2.6 Spellcasting
 + Level 4.5 Conjurations


You had 4 spell levels left.
You knew the following spells:

 Your Spells              Type           Power        Failure   Level  Hunger
a - Magic Dart            Conj           ###.         3%          1    N/A
b - Searing Ray           Conj           ###...       4%          2    N/A

Dungeon Overview and Level Annotations

Branches:
Dungeon (2/15)

Altars:

Annotations:
D:2 Sigmund


Innate Abilities, Weirdness & Mutations

You do not eat or drink.
Your flesh is vulnerable to fire.
You are immune to poison.
Your flesh is cold resistant. (rC+)
You are immune to negative energy. (rN+++)
You are immune to unholy pain and torment.
You can survive without breathing.


Message History

The hobgoblin barely misses you.
The searing ray hits the hobgoblin.
The hobgoblin is almost dead.
Sigmund hits you from afar with a scythe of venom.
The searing ray hits the hobgoblin.
You kill the hobgoblin!
Sigmund hits you from afar with a scythe of venom!
* * * LOW HITPOINT WARNING * * *
The searing ray misses Sigmund.
You finish channeling your searing ray.
Casting: Searing Ray
Confirm with . or Enter, or press ? or * to list all spells.
Aiming: Searing Ray
Press: ? - help, Shift-Dir - straight line, f - Sigmund
Aim: Sigmund, wielding a scythe of venom and wearing a robe The searing ray hits Sigmund.
Sigmund is lightly wounded. (Press . to maintain the ray.) Sigmund hits you from afar with a scythe of venom!
Ouch! That really hurt!
You die...

## ### #'## .# #.# #..# ##### .#
#######.# ##@# #.... .# #.......#
#.# #.### .## #.##########.# #.#
..############.# #...##.# #.###
......[........# ###...##.# #.#..
..################........###.#<#
÷.# #.@)@.........#.#.#
..#############.##.......##(#.#.#
#...............####..÷####.#.#.#
..##.....###...## #...# #.#....
#...)....).....# ##.## #....<#
####.....###...# #.# #######
##...## ##.## #.# ##.## #.# #.#
#.# #.# #.#


You could see Sigmund.

Vanquished Creatures
  Natasha (D:2)
  An adder (D:2)
  A dart slug (D:2)
  A leopard gecko (D:1)
  A giant cockroach (D:1)
  4 goblins (D:1)
  3 hobgoblins
  2 ball pythons (D:1)
  3 bats
  3 frilled lizards (D:1)
  A kobold (D:1)
  6 rats
27 creatures vanquished.

Notes
Turn   | Place    | Note
-------+----------+-------------------------------------------
     0 | D:1      | Kingsmith the Mummy Conjurer began the quest for the Orb.
     0 | D:1      | Reached XP level 1. HP: 13/13 MP: 4/4
   363 | D:1      | Reached XP level 2. HP: 19/19 MP: 5/5
   367 | D:1      | Learned a level 2 spell: Searing Ray
   886 | D:2      | Noticed Natasha
   891 | D:2      | Killed Natasha
   891 | D:2      | Reached skill level 4 in Conjurations
   891 | D:2      | Reached XP level 3. HP: 22/24 MP: 2/7
  1013 | D:2      | Found a faded altar of an unknown god.
  1202 | D:2      | Noticed Sigmund
  1224 | D:2      | Mangled by Sigmund

Skill      XL: |  1  2 |
---------------+-------+-----
Conjurations   | 4 |  4.5
Dodging        | |  1.5
Stealth        | |  1.5
Spellcasting   | |  2.6

Action                   || total
-------------------------++-------
Melee: Spear             ||    60
       Dagger            ||     4
 Cast: Magic Dart        ||    17
       Searing Ray       ||     3
 Stab: Distracted        ||     1
       Sleeping          ||     1
Armor: Robe              ||    14
Dodge: Dodged            ||    39
